AoeStats
← fat_dgk

Fortress

509497066Analyzed
4v4 RM · 4d ago on Sep 27, 2026· 39m 3s· 8 players
Game mode
Random Map
Map size
Huge
Population
200
Speed
Normal
Resources
Standard
Victory
Conquest
Starting age
Dark Age
Ending age
Imperial Age
RankedLock teamsTeams togetherTeam positionsShared explorationLock speedFull tech treeHidden civsTurbo modeCheats
Victory
Defeat
🇨🇱 Poles · Chile
1171
+13
🇲🇽 Danes · Mexico
1166
+13
🇦🇺 Persians · Australia
1157
+13
🇨🇳 Huns · China
1135
+14
🇫🇷 Italians · France
1146
-14
🇧🇷 Mongols · Brazil
1120
-14
🇮🇹 Celts · Italy
1083
-13
🇨🇦 Cumans · Canada
1061
-12
eduderino66_
6:51 Feudal Age
9:55 Double-Bit Axe
10:19 Horse Collar
18:22 Castle Age
16:52 Bloodlines
17:08 Forging
18:03 Scale Barding Armor
23:58 Iron Casting
28:03 Imperial Age
26:08 Wheelbarrow
26:14 Bow Saw
26:40 Loom
28:23 Hand Cart
28:33 Chain Barding Armor
28:13 Cavalier
31:05 Paladin
33:24 Blast Furnace
Kim jong-un
7:02 Feudal Age
11:13 Castle Age
9:17 Double-Bit Axe
9:50 Stone Mining
10:43 Gold Mining
10:58 Fletching
13:46 Bow Saw
16:06 Padded Archer Armor
19:58 Ballistics
19:47 Loom
19:59 Town Watch
20:50 Wheelbarrow
21:00 Leather Archer Armor
20:42 Treadmill Crane
23:36 Fortified Wall
23:48 Masonry
23:45 Horse Collar
27:29 Imperial Age
26:30 Bodkin Arrow
28:34 Conscription
28:58 Architecture
30:05 Chemistry
30:53 Two-Man Saw
29:57 Heavy Plow
32:30 Elite Genoese Crossbowman
34:17 Ring Archer Armor
33:49 Bracer
36:44 Pirotechnia
fabio07deluca
10:51 Feudal Age
11:14 Horse Collar
11:21 Double-Bit Axe
12:41 Gold Mining
16:48 Castle Age
15:00 Arson
15:18 Scale Mail Armor
15:32 Forging
18:17 Wheelbarrow
18:51 Chain Mail Armor
19:13 Iron Casting
18:37 Pikeman
21:40 Loom
22:11 Hand Cart
29:00 Imperial Age
28:10 Bow Saw
29:12 Heavy Plow
29:07 Stone Mining
29:54 Gold Shaft Mining
29:31 Town Watch
29:36 Gambesons
29:21 Man-at-Arms
31:45 Stone Shaft Mining
32:33 Conscription
36:25 Plate Mail Armor
35:41 Halberdier
xcsqadow
7:37 Feudal Age
11:41 Castle Age
9:52 Double-Bit Axe
10:15 Horse Collar
12:43 Bow Saw
18:36 Wheelbarrow
20:35 Hand Cart
20:19 Fletching
22:06 Bodkin Arrow
22:48 Husbandry
23:03 Bloodlines
24:17 Padded Archer Armor
24:23 Gold Mining
25:25 Leather Archer Armor
26:06 Ballistics
30:03 Imperial Age
28:31 Gold Shaft Mining
28:05 Thumb Ring
30:31 Town Watch
30:52 Bracer
31:53 Chemistry
31:58 Parthian Tactics
32:26 Heavy Camel Rider
33:12 Scale Barding Armor
34:22 Conscription
35:06 Chain Barding Armor
37:09 Forging
fat_dgk
8:08 Feudal Age
11:58 Castle Age
10:11 Horse Collar
10:29 Double-Bit Axe
11:43 Stone Mining
12:25 Loom
17:47 Heavy Plow
18:59 Wheelbarrow
19:38 Bow Saw
23:08 Bloodlines
25:39 Imperial Age
22:42 Light Cavalry
23:25 Gold Mining
23:57 Husbandry
24:03 Scale Barding Armor
24:09 Forging
24:17 Scale Mail Armor
25:47 Chain Barding Armor
26:58 Chain Mail Armor
27:56 Iron Casting
29:03 Winged Hussar
30:13 Capped Ram
31:34 Conscription
31:36 Siege Ram
31:55 Elite Obuch
34:17 Plate Mail Armor
34:48 Blast Furnace
33:39 Fletching
34:29 Lechitic Legacy
35:17 Squires
35:03 Arson
36:14 Padded Archer Armor
39:44 Crop Rotation
Keanoob Reeves
6:28 Feudal Age
10:56 Castle Age
8:57 Double-Bit Axe
10:12 Horse Collar
12:27 Bow Saw
15:34 Wheelbarrow
19:58 Heavy Plow
25:19 Imperial Age
22:56 Scale Barding Armor
23:01 Forging
25:08 Forging
25:29 Chain Barding Armor
27:05 Cavalier
29:45 Plate Barding Armor
29:46 Iron Casting
29:32 Gold Mining
29:32 Stone Mining
31:09 Chemistry
30:31 Savar
31:48 Iron Casting
30:38 Capped Ram
36:46 Blast Furnace
37:48 Fletching
37:58 Padded Archer Armor
38:15 Citadels
38:06 Kamandaran
38:41 Scale Mail Armor
38:36 Bodkin Arrow
39:16 Caravan
cihuncihome
8:11 Feudal Age
12:05 Castle Age
10:17 Double-Bit Axe
10:39 Arson
10:58 Horse Collar
13:28 Bow Saw
14:04 Husbandry
19:55 Wheelbarrow
21:13 Gold Mining
21:30 Heavy Plow
22:32 Bloodlines
25:49 Imperial Age
23:15 Stone Mining
24:06 Hand Cart
24:41 Marauders
25:25 Forging
25:47 Scale Barding Armor
26:51 Conscription
27:49 Iron Casting
27:23 Loom
28:06 Bloodlines
29:43 Gold Shaft Mining
30:17 Blast Furnace
29:47 Elite Tarkan
34:29 Chain Barding Armor
36:52 Plate Barding Armor
35:43 Light Cavalry
jusart.92
7:50 Feudal Age
11:42 Castle Age
9:30 Loom
16:49 Padded Archer Armor
16:39 Fletching
17:09 Double-Bit Axe
17:57 Elite Skirmisher
18:43 Thumb Ring
20:03 Leather Archer Armor
19:44 Bodkin Arrow
20:25 Bow Saw
25:39 Wheelbarrow
29:33 Imperial Age
26:57 Hamask
28:27 Thumb Ring
29:02 Forging
28:53 Scale Mail Armor
30:02 Caravan
30:26 Bracer
32:32 Iron Casting
32:13 Chain Mail Armor
33:27 Conscription
34:37 Chemistry
34:29 Town Watch
39:24 Ring Archer Armor
40:03 Plate Mail Armor
Connection lost

Rejoining the realm…

Still unreachable

The connection could not be restored.

Session expired

The server has moved on; the page needs a fresh start.